 Dungeon Crawl Stone Soup version 0.30.0-16-gbe6223bb7e (webtiles) character file.

Game seed: 9547848286305981125

567 monsoonserge the Cutter (level 7, -3/61 HPs)
             Began as a Deep Elf Berserker on May 21, 2023.
             Was a Believer of Trog.
             Slain by a scorpion zombie (4 damage)
             ... in an ossuary.
             The game lasted 00:10:18 (3213 turns).

monsoonserge the Cutter (Deep Elf Berserker)        Turns: 3213, Time: 00:10:18

Health: -3/61      AC:  7    Str: 13 (14) XL:     7   Next: 11%
Magic:  9/9        EV: 12    Int: 12      God:    Trog [**....]
Gold:   154        SH:  0    Dex: 19 (22) Spells: 6/6 levels left

rFire   . . .        a - +0 short sword
rCold   . . .        (no shield)
rNeg    . . .        k - +0 ring mail
rPois   .            (no helmet)
rElec   .            q - +0 cloak
rCorr   .            r - +0 pair of gloves
SInv    .            (no boots)
Will    ++...        (no amulet) Stlth
                     l - +6 ring of dexterity
HPRegen 1.30/turn    t - +4 ring of slaying
MPRegen 0.11/turn

%: no passive effects
@: berserking, lethally poisoned (-3 -> -6), strong-willed, regenerating, very
quick
A: no striking features
a: Renounce Religion, Berserk, Trog's Hand


You were in an ossuary.
You worshipped Trog.
Trog was pleased with you.
You visited 1 branch of the dungeon, and saw 5 of its levels.
You also visited: Ossuary.

You collected 154 gold pieces.

Inventory:

Hand Weapons
 a - a +0 short sword (weapon)
Missiles
 n - 9 poisoned darts (quivered)
Armour
 k - a +0 ring mail (worn)
 q - a +0 cloak (worn)
 r - a +0 pair of gloves (worn)
Jewellery
 l - a +6 ring of dexterity (left hand)
 t - a +4 ring of slaying (right hand)
Scrolls
 b - a scroll of fear {unknown}
 h - a scroll of fog {unknown}
 i - a scroll of identify {unknown}
 j - 2 scrolls of vulnerability {unknown}
 m - a scroll of enchant armour {unknown}
 o - 2 scrolls of teleportation {unknown}
Potions
 c - a potion of degeneration
 d - a potion of brilliance {unknown}
 e - a potion of curing
 f - a potion of cancellation {unknown}
 g - 2 potions of flight {unknown}
 p - 5 potions of magic {unknown}
 s - a potion of mutation {unknown}


   Skills:
 + Level 3.5 Fighting
 + Level 5.6 Short Blades
 + Level 3.1 Armour
 + Level 4.0 Dodging
 - Level 3.0 Stealth


You had 6 spell levels left.
You didn't know any spells.
Your spell library contained the following spells:

 Spells                   Type           Power      Damage    Failure   Level
 Ensorcelled Hibernation  Hex/Ice        0%         N/A       71%         2
 Frozen Ramparts          Ice            0%         1d1       90%         3
 Spider Form              Tmut/Pois      0%         N/A       90%         3
 Anguish                  Hex/Necr       0%         N/A       100%        4
 Ice Form                 Ice/Tmut       0%         N/A       100%        4
 Summon Ice Beast         Ice/Summ       0%         N/A       100%        4


Dungeon Overview and Level Annotations

Branches:
Dungeon (5/15)            Ossuary (1/1)
 Temple: D:4-7

Altars:
Elyvilon
Nemelex Xobeh
Okawaru
Ru
Wu Jian
Xom
Yredelemnul

Shops:
D:2 :

Annotations:
D:3 2 transporters, esper6's ghost, weakling VSDe
D:4 3 runed translucent doors, sasquatch's ghost, amateur GrEE


Message History

You feel sick.
You hit the scorpion.
The scorpion is almost dead.
You feel sick. The scorpion stings you.
You are more poisoned.
The scorpion poisons you! The scorpion zombie closely misses you.
You barely miss the scorpion.
The scorpion is almost dead.
You feel very sick. The scorpion stings you.
You are more poisoned.
The scorpion poisons you!
The scorpion zombie hits you but does no damage.
You hit the scorpion.
You kill the scorpion!
Trog accepts your kill.
* * * LOW HITPOINT WARNING * * *
You feel very sick.
The scorpion zombie completely misses you.
Your Armour skill increases to level 3!
Your Dodging skill increases to level 4!
You have reached level 7!
You hit the scorpion zombie.
The scorpion zombie is lightly damaged.
* * * LOW HITPOINT WARNING * * *
You feel very sick. The scorpion zombie closely misses you.
Unknown command.
Your skin crawls.
You feel strong-willed.
* * * LOW HITPOINT WARNING * * *
You feel very sick. The scorpion zombie hits you.
* * * LOW HITPOINT WARNING * * *
A red film seems to cover your vision as you go berserk!
You feel yourself moving faster!
You feel mighty!
* * * LOW HITPOINT WARNING * * *
You feel very sick. The scorpion zombie hits you.
You die...

#########
#...#...#
#.∩.'.∩.#
#...#...#
######'##
#...#...#
#...8...#
#...Z@..#
##8...8##
#.......#
#...8...#
#...#...#
##+######


You could see a scorpion zombie.

Vanquished Creatures
  An ice beast (D:5)
  An ogre (D:5)
  A scorpion (Ossuary)
  A howler monkey (D:5)
  A gnoll bouda (D:4)
  2 iguanas
  Jessica (D:2)
  A hound zombie (D:4)
  A mummy (D:5)
  6 adders
  3 gnolls (D:4)
  An adder zombie (D:4)
  A dart slug (D:4)
  An orc (D:3)
  3 bats
  9 endoplasms
  A giant cockroach (D:2)
  2 goblins
  5 hobgoblins
  4 jackals
  2 quokkas
  5 ball pythons
  A frilled lizard (D:1)
  4 kobolds
  A kobold zombie (D:5)
  2 orc zombies
  21 rats
82 creatures vanquished.

Notes
Turn   | Place    | Note
-------+----------+-------------------------------------------
     0 | D:1      | monsoonserge the Deep Elf Berserker began the quest for the
                  | Orb.
     0 | D:1      | Reached XP level 1. HP: 13/13 MP: 3/3
   360 | D:1      | Reached XP level 2. HP: 18/18 MP: 4/4
  1247 | D:2      | Reached ** piety under Trog
  1275 | D:2      | Reached XP level 3. HP: 22/22 MP: 5/5
  1364 | D:2      | Reached skill level 1 in Stealth
  1466 | D:2      | Found Keosmet's Book Shop.
  1488 | D:2      | Noticed Jessica
  1495 | D:2      | Killed Jessica
  1560 | D:2      | Reached XP level 4. HP: 27/27 MP: 6/6
  1581 | D:2      | Reached skill level 4 in Short Blades
  1906 | D:3      | Noticed esper6's ghost (weakling VSDe)
  2242 | D:3      | Found an ornate altar of the Wu Jian Council.
  2244 | D:3      | Found a white marble altar of Elyvilon.
  2244 | D:3      | Found a shimmering altar of Xom.
  2261 | D:3      | Found a sacrificial altar of Ru.
  2425 | D:3      | Found a transporter.
  2426 | D:3      | Found a transporter.
  2578 | D:4      | Reached XP level 5. HP: 32/32 MP: 7/7
  2681 | D:4      | Found a runed translucent gate.
  2682 | D:4      | Found a runed translucent gate.
  2683 | D:4      | Found a runed translucent gate.
  2683 | D:4      | Noticed sasquatch's ghost (amateur GrEE)
  2686 | D:4      | Found a basalt altar of Yredelemnul.
  2790 | D:5      | Entered Level 5 of the Dungeon
  2790 | D:5      | Noticed an orc warrior
  2898 | D:5      | Found an iron altar of Okawaru.
  2919 | D:5      | Noticed an ice beast
  2925 | D:5      | Killed an ice beast
  2926 | D:5      | Reached skill level 5 in Short Blades
  2926 | D:5      | Reached XP level 6. HP: 37/37 MP: 8/8
  2969 | D:5      | Found a sparkling altar of Nemelex Xobeh.
  3147 | D:5      | Found a sand-covered staircase.
  3160 | Ossuary  | Entered an ossuary
  3211 | Ossuary  | Reached XP level 7. HP: 11/41 MP: 9/9
  3212 | Ossuary  | HP: 2/41 [scorpion zombie (2)]
  3213 | Ossuary  | Slain by a scorpion zombie

Illustrated notes

Levels and vault maps discovered:
D:1:      scummos_arrival_checkerplants, layout_basic, columned_hall_lemuel,
          minmay_misc_feat_four_crosses, minivault_11, kennysheep_boxes
D:2:      layout_basic, serial_shops, nicolae_diamond_shop, minmay_rat_hole,
          uniq_jessica
D:3:      minmay_evil_eye, layout_loops_cross, grunt_temple_overflow_open,
          gammafunk_ghost_gnarly_gnolls
D:4:      layout_basic, nicolae_yredelemnul_ghost_church
D:5:      layout_basic, nemelex_dance_club_becter,
          mainiacjoe_overflow_surrounded_room, nicolae_ossuary_entry_giza
Ossuary:  ossuary_minmay_scorpions

Skill      XL: |  1  2  3  4  5  6 |
---------------+-------------------+-----
Stealth        | 1 2 3 |  3.0
Fighting       | 3 |  3.5
Short Blades   | 4 5 |  5.6
Dodging        | 3 4 |  4.0
Armour         | 2 3 |  3.1

Action                     |  1- 3 |  4- 6 |  7- 9 || total
---------------------------+-------+-------+-------++-------
  Melee: Short sword       |   154 |   176 |     1 ||   331
         Punch             |     1 |     3 |       ||     4
 Invoke: Berserk           |     2 |     3 |     1 ||     6
         Trog's Hand       |     1 |     2 |     1 ||     4
    Use: Potion            |       |     2 |       ||     2
   Stab: Sleeping          |     5 |     5 |       ||    10
 Armour: Animal skin       |     3 |       |       ||     3
         Ring mail         |    41 |    37 |       ||    78
  Dodge: Dodged            |    86 |    92 |     1 ||   179
